Map: Blackburn LE

Players

Astrea - Winner!

  • Race: Protoss Protoss

Asuna

  • Race: Protoss Protoss

Event: DreamHack SC2 Masters 2021 Winter

VOD

Have the link to the VOD?

Description

Time

  • Played on: Oct. 13, 2021, 4:40 p.m.
  • Length: 4:47

All games in this series

Show
View Real Time Build Order
Export as new Build Order

Astrea Protoss - Winner!

Build Orders:  

Get SALT Encoding   

  12  0:00  Probe  
  13  0:12  Probe  
  14  0:17  Pylon  
  14  0:24  Probe (Chrono Boost)  
  16  0:36  Gateway  
  16  0:37  Probe (Chrono Boost)  
  16  0:42  Probe (Chrono Boost)  
  16  0:45  Assimilator  
  17  0:51  Probe  
  17  0:53  Assimilator  
  18  1:03  Probe (Chrono Boost)  
  19  1:12  Probe (Chrono Boost)  
  19  1:16  Pylon  
  19  1:17  Probe (Chrono Boost)  
  20  1:23  Cybernetics Core  
  21  1:29  Probe  
  22  1:34  Zealot  
  24  1:42  Probe  
  25  1:54  Probe  
  26  2:00  Warp Gate  
  26  2:01  Adept  
  28  2:04  Stargate  
  28  2:11  Pylon  
  28  2:13  Shield Battery  
  29  2:22  Probe  
  29  2:38  Void Ray (Chrono Boost)  
  29  2:44  Stalker  
  35  2:52  Gateway  
  35  3:00  Pylon  
  35  3:04  Gateway  
  35  3:10  Void Ray  
  38  3:23  Stalker  
  40  3:35  Pylon  
  40  3:47  Void Ray (Chrono Boost)  
  44  4:01  Stalker  
  46  4:02  Stalker  
  48  4:16  Pylon  
  48  4:17  Stalker  
  48  4:23  Pylon  
  50  4:33  Stalker  
Show
View Real Time Build Order
Export as new Build Order

Asuna Protoss 

Build Orders: Proxy Void Ray 

Get SALT Encoding   

  12  0:00  Probe  
  13  0:14  Pylon  
  13  0:18  Probe  
  14  0:32  Gateway  
  14  0:35  Probe (Chrono Boost)  
  15  0:44  Assimilator, Probe (Chrono Boost)  
  15  0:49  Probe (Chrono Boost)  
  16  0:53  Assimilator  
  17  1:01  Probe  
  18  1:13  Probe  
  19  1:19  Cybernetics Core  
  19  1:24  Zealot  
  21  1:26  Probe  
  21  1:29  Pylon  
  22  1:39  Probe  
  23  1:51  Probe  
  23  1:54  Adept (Chrono Boost)  
  26  2:02  Stargate  
  26  2:06  Probe  
  27  2:12  Shield Battery  
  27  2:14  Warp Gate  
  27  2:25  Pylon  
  27  2:36  Void Ray (Chrono Boost)  
  27  2:42  Adept  
  27  2:50  Shield Battery  
  27  2:51  Probe  
  32  3:03  Void Ray (Chrono Boost)  
  36  3:36  Void Ray  
  36  3:38  Gateway  

Tags
 
Add a new tag
Caveats
  • Supply blocks, unpowered buildings, or Contaminate may cause inaccurate times.
  • Supply counts are checked every 10 seconds.